 Dungeon Crawl Stone Soup version 0.30-a0-852-g08b95dd62f (webtiles) character file.

Game seed: 4310200341522622896

11215 cforsyth the Nimble (level 11, -4/68 HPs)
             Began as a Deep Elf Summoner on Mar 4, 2023.
             Was an Initiate of Gozag.
             Killed by an exploding themself (33 damage)
             ... ignited by their inner flame
             ... on level 14 of the Dungeon.
             The game lasted 00:30:28 (15852 turns).

cforsyth the Nimble (Deep Elf Summoner)            Turns: 15852, Time: 00:30:29

Health: -4/68      AC:  5    Str:  5    XL:     11   Next: 46%
Magic:  24/36      EV: 33    Int: 30    God:    Gozag
Gold:   1516       SH:  0    Dex: 15    Spells: 17/30 levels left

rFire   . . .      SeeInvis .    d - +4 dagger (spect)
rCold   . . .      Faith    .    (no shield)
rNeg    . . .      Spirit   .    a - +0 robe
rPois   .          Reflect  .    H - +1 helmet of Hoseyx {Int+5}
rElec   .          Rampage  .    F - +0 cloak
rCorr   .                        (no gloves)
Will    +....                    (no boots)
Stlth   ++                       k - amulet of the acrobat
HPRegen 0.31/turn                j - ring of wizardry
MPRegen 0.25/turn                n - ring of magical power

@: gold aura, acrobatic
A: no striking features
a: Renounce Religion, Potion Petition, Call Merchant, Bribe Branch


You were on level 14 of the Dungeon.
You worshipped Gozag.
Gozag was most pleased with you.
You visited 2 branches of the dungeon, and saw 15 of its levels.
You also visited: Ice Cave.

You collected 1626 gold pieces.
You paid 110 gold pieces to Gozag.

Inventory:

Hand Weapons
 d - a +4 spectral dagger (weapon)
Armour
 a - a +0 robe (worn)
 F - a +0 cloak (worn)
 H - the +1 helmet of Hoseyx (worn) {Int+5}
   (You found it on level 10 of the Dungeon)

   Int:       It affects your intelligence (+5).
Jewellery
 j - a ring of wizardry (left hand)
 k - an amulet of the acrobat (around neck)
 n - a ring of magical power (right hand)
 u - a +6 ring of dexterity
 y - a ring of flight
 G - a +6 ring of intelligence
 I - a ring of magical power
Wands
 o - a wand of iceblast (15)
 s - a wand of flame (22)
 w - a wand of acid (14)
Scrolls
 c - 2 scrolls of identify
 e - 2 scrolls of fear
 f - 2 scrolls of silence
 g - 3 scrolls of immolation
 i - a scroll of enchant weapon
 l - 5 scrolls of teleportation
 q - 3 scrolls of vulnerability
 z - a scroll of butterflies
 A - a scroll of fog
 B - a scroll of enchant armour
 E - a scroll of torment
Potions
 b - 2 potions of magic
 h - 2 potions of heal wounds
 m - a potion of ambrosia
 p - 2 potions of curing {unknown}
 r - 3 potions of brilliance
 t - a potion of flight
 C - a potion of resistance
 D - 2 potions of mutation


   Skills:
 + Level 7.8 Fighting
 + Level 11.5 Dodging
 - Level 2.4 Stealth
 - Level 10.0 Spellcasting
 - Level 5.0 Hexes
 - Level 10.0 Summonings
 - Level 5.0 Air Magic


You had 17 spell levels left.
You knew the following spells:

 Your Spells              Type           Power      Damage    Failure   Level
a - Summon Small Mammal   Summ           100%       N/A       1%          1
b - Call Imp              Summ           66%        N/A       1%          2
c - Call Canine Familiar  Summ           66%        N/A       1%          3
d - Summon Guardian Gole  Hex/Summ       56%        N/A       1%          3
e - Summon Lightning Spi  Summ/Air       56%        N/A       1%          4

Your spell library contained the following spells:

 Spells                   Type           Power      Damage    Failure   Level
 Slow                     Hex            100%       N/A       1%          1
 Sting                    Tmut/Pois      60%        1d6       1%          1
 Ensorcelled Hibernation  Hex/Ice        60%        N/A       1%          2
 Poisonous Vapours        Pois/Air       60%        N/A       1%          2
 Confusing Touch          Hex            45%        N/A       1%          3
 Sublimation of Blood     Necr           15%        N/A       2%          2
 Ignite Poison            Fire/Tmut/Pois 15%        N/A       4%          3
 Spider Form              Tmut/Pois      15%        N/A       4%          3
 Vampiric Draining        Necr           15%        2d7       4%          3
 Anguish                  Hex/Necr       15%        N/A       4%          4
 Olgreb's Toxic Radiance  Pois           15%        N/A       14%         4
 Petrify                  Tmut/Erth      15%        N/A       14%         4
 Sticky Flame             Conj/Fire      15%        2d4       14%         4
 Fireball                 Conj/Fire      7%         3d5       34%         5
 Irradiate                Conj/Tmut      7%         3d14      34%         5
 Iskenderun's Battlesphe  Conj           15%        2d7       34%         5
 Conjure Ball Lightning   Conj/Air       15%        3x3d6     56%         6
 Orb of Destruction       Conj           7%         9d6       100%        7
 Ignition                 Fire           7%         3d5       100%        8


Dungeon Overview and Level Annotations

Branches:
Dungeon (14/15)            Temple (1/1) D:7            Lair (0/5) D:9
  IceCv (visited)
    Orc: D:9-12      Vaults: D:13-14

Altars:
Ashenzari
Elyvilon
Fedhas
Gozag
Okawaru
Qazlal
Ru
Sif Muna
Trog
Uskayaw
Vehumet
Wu Jian
Xom
Yredelemnul
The Shining One

Shops:
D:6 :   D:9 !


Message History

Flame seeps out of your guardian golem.
The tengu conjurer claws your guardian golem but does no damage.
Your guardian golem is engulfed in blazing flames.
Flame seeps out of your guardian golem.
Your crimson imp hits the black bear.
Your quokka bites the black bear.
The black bear dies!
The tengu conjurer blocks your bat's attack. x2
The tengu conjurer closely misses your crimson imp. x2
The tengu conjurer barely misses your crimson imp.
The tengu conjurer blocks your bat's attack.
Your crimson imp closely misses the tengu conjurer.
Your warg bites the tengu conjurer!
The tengu conjurer casts a spell.
The tengu conjurer blinks!
Your lightning spire shoots out a bolt of lightning at the tengu conjurer!
The bolt of electricity hits the tengu conjurer.
Your bat barely misses the tengu conjurer.
The tengu conjurer blocks your bat's attack.
The tengu conjurer misses your bat. The tengu conjurer pecks your bat.
The tengu conjurer claws your bat.
Your bat dies!
Your bat's corpse disappears in a puff of smoke!
Flame seeps out of your guardian golem.
Your lightning spire shoots out a bolt of lightning at the tengu conjurer!
The bolt of electricity hits the tengu conjurer!
The tengu conjurer dies!
Your guardian golem is engulfed in blazing flames.
Flame seeps out of your guardian golem.
You start resting.
Your warg is engulfed in blazing flames.
Flame seeps out of your guardian golem.
Your guardian golem is engulfed in blazing flames.
Flame seeps out of your guardian golem.
You start resting.
Your guardian golem is engulfed in blazing flames.
Your guardian golem disappears in a puff of smoke!
Your guardian golem explodes!
The fiery explosion engulfs your warg!! The fiery explosion engulfs you!!
You die...
Your body crumbles into a pile of gold.

#.# ##'#### #.# #.....
#.# ######
########'#### #.....
#...........#####.....
#..$........'..##.....
+....)......##..#.....
#..§5..8....###.'..)..
#..h○@.....(# ###.....
#..§r<......# #)....
#...........# #.....
########'#### #.....
#.# #..... ######.#
###... #......# ###.##
###'####### #.....
#.........# #.....


You could see a friendly warg (summoned, sheltered), a friendly lightning spire
(summoned, sheltered), a friendly crimson imp (summoned, sheltered) and a
friendly quokka (summoned, sheltered).

Vanquished Creatures
  A scorpion (D:5)
  A hound (D:7)
  An adder (D:3)
  A shadow imp (D:8)
  3 orcs
  A giant cockroach (D:2)
  A goblin (D:1)
  A hobgoblin (D:1)
  2 kobolds
  3 ball pythons
  A bat (D:2)
  A rat (D:1)
17 creatures vanquished.

Vanquished Creatures (collateral kills)
  A hydra (D:14)
  Pikel (D:5)
  A manticore (D:11)
  2 ugly things (IceCv)
  A tengu conjurer (D:14)
  A troll (D:11)
  2 polar bears (D:10)
  3 vampires
  4 yaks (D:10)
  2 wraiths (D:11)
  3 wyverns
  A steam dragon (D:5)
  2 vampire mosquitoes (D:14)
  A death yak simulacrum (IceCv)
  A harpy simulacrum (IceCv)
  An acid dragon (D:11)
  3 orc warriors
  A black bear (shapeshifter) (D:14)
  A sky beast (D:7)
  2 black bears (D:7)
  An ogre (D:5)
  2 wolves (D:9)
  3 centaurs
  2 phantoms
  A kobold brigand (D:7)
  2 bullfrogs
  3 scorpions
  5 wights (D:10)
  8 killer bees
  4 electric eels (D:9)
  7 hounds
  A jelly (D:7)
  9 orc priests
  A gnoll bouda (D:8)
  An iguana (D:5)
  13 orc wizards
  9 gnolls
  5 adders
  3 white imps
  3 worms
  2 dart slugs
  42 orcs
  2 bats
  5 endoplasms
  15 giant cockroaches
  4 goblins
  11 hobgoblins
  3 jackals (D:4)
  2 quokkas
  5 ball pythons
  A frilled lizard (D:2)
  11 kobolds
  5 rats
225 creatures vanquished.

Vanquished Creatures (others)
  A troll (D:9)
  A hornet (D:10)
  A wyvern (D:9)
  5 yaks
  A death yak simulacrum (IceCv)
  An orc warrior (D:10)
  An ice beast (D:6)
  A black bear (D:4)
  A cane toad simulacrum (IceCv)
  5 killer bees
  An orc priest (D:11)
  2 orc wizards
  2 iguanas
23 creatures vanquished.

Grand Total: 265 creatures vanquished

Notes
Turn   | Place    | Note
-------+----------+-------------------------------------------
     0 | D:1      | cforsyth the Deep Elf Summoner began the quest for the Orb.
     0 | D:1      | Reached XP level 1. HP: 10/10 MP: 6/6
   175 | D:1      | Reached XP level 2. HP: 11/15 MP: 2/8
   229 | D:1      | Learned a level 2 spell: Call Imp
   341 | D:1      | Found a faded altar of an unknown god.
  1191 | D:2      | Reached skill level 5 in Summonings
  1191 | D:2      | Reached XP level 3. HP: 5/19 MP: 3/10
  1202 | D:2      | Learned a level 3 spell: Call Canine Familiar
  1393 | D:2      | Found an iron altar of Okawaru.
  1698 | D:2      | Reached XP level 4. HP: 24/24 MP: 12/12
  2391 | D:3      | Reached skill level 5 in Spellcasting
  2428 | D:3      | Found a radiant altar of Vehumet.
  2762 | D:3      | Found a hide-covered altar of Uskayaw.
  2765 | D:3      | Found a glowing golden altar of the Shining One.
  2907 | D:3      | Learned a level 3 spell: Summon Guardian Golem
  3006 | D:4      | Noticed a black bear
  3133 | D:4      | Killed a black bear
  3134 | D:4      | Reached skill level 1 in Hexes
  3134 | D:4      | Reached XP level 5. HP: 28/28 MP: 8/15
  3228 | D:4      | Learned a level 4 spell: Summon Lightning Spire
  3347 | D:4      | Reached XP level 6. HP: 32/32 MP: 17/17
  3679 | D:5      | Entered Level 5 of the Dungeon
  3746 | D:5      | Reached skill level 1 in Air Magic
  3849 | D:5      | Reached XP level 7. HP: 29/36 MP: 18/18
  3939 | D:5      | Noticed a steam dragon
  4323 | D:6      | Found Rasuff's Book Shop.
  5386 | D:5      | Reached skill level 5 in Hexes
  5662 | D:5      | Identified the +1 robe of the Soldier {rPois}
  5726 | D:5      | Reached XP level 8. HP: 41/41 MP: 12/21
  5815 | D:5      | Found a white marble altar of Elyvilon.
  5862 | D:5      | Noticed Pikel
  5867 | D:5      | Killed Pikel
  6096 | D:5      | Found a basalt altar of Yredelemnul.
  6208 | D:7      | Found a staircase to the Ecumenical Temple.
  6226 | Temple   | Entered the Ecumenical Temple
  6233 | Temple   | Became a worshipper of Gozag Ym Sagoz the Greedy
  6487 | D:7      | Reached skill level 5 in Air Magic
  6511 | D:7      | Reached XP level 9. HP: 45/45 MP: 16/24
  6676 | D:7      | Found a blossoming altar of Fedhas.
  6724 | D:7      | Reached skill level 10 in Spellcasting
  7594 | D:8      | Reached skill level 10 in Summonings
  7594 | D:8      | Reached skill level 1 in Fighting
  7594 | D:8      | Reached skill level 3 in Dodging
  7774 | D:8      | Reached skill level 4 in Dodging
  8620 | D:9      | Found a sacrificial altar of Ru.
  8714 | D:9      | Reached skill level 5 in Dodging
  8726 | D:9      | Noticed a troll
  8740 | D:9      | Killed a troll
  8972 | D:9      | Reached skill level 6 in Dodging
  9296 | D:9      | Reached XP level 10. HP: 42/56 MP: 22/26
  9366 | D:9      | Found a staircase to the Lair.
 10094 | D:9      | Found Fimmat's Distillery.
 10125 | D:9      | Identified the +7 great sword of the Postmodern Wishes
                  | {drain, rElec Dex+4}
 10429 | D:9      | Reached skill level 7 in Dodging
 10980 | D:10     | Entered Level 10 of the Dungeon
 11540 | D:10     | Identified the +2 dagger of Quantum Leap {speed, rElec rN+
                  | Dex+2}
 11574 | D:10     | Identified the +1 helmet of Hoseyx {Int+5}
 11712 | D:10     | Reached skill level 5 in Fighting
 11719 | D:10     | Reached skill level 8 in Dodging
 12104 | D:10     | Found a bloodstained altar of Trog.
 12284 | D:10     | Reached skill level 9 in Dodging
 12690 | D:11     | Found a frozen archway.
 12726 | IceCv    | Entered an ice cave
 12726 | IceCv    | Noticed a white ugly thing
 12736 | IceCv    | Reached XP level 11. HP: 47/66 MP: 24/27
 12739 | IceCv    | Killed a white ugly thing
 12740 | IceCv    | Reached skill level 10 in Dodging
 13018 | IceCv    | Found a transporter.
 13025 | IceCv    | Noticed a white ugly thing
 13037 | IceCv    | Found a transporter.
 13074 | IceCv    | Killed a white ugly thing
 15061 | D:11     | Reached skill level 11 in Dodging
 15546 | D:12     | You fall into a shaft and drop 2 floors!
 15560 | D:14     | Noticed a boulder beetle
 15670 | D:14     | Noticed a six-headed hydra
 15679 | D:14     | Killed a six-headed hydra
 15852 | D:14     | Killed by an exploding themself... ignited by their inner
                  | flame

Illustrated notes

Levels and vault maps discovered:
D:1:      lightli_arrival_statuegarden, layout_basic,
          shapermc_ecumenical_altar_ellora, st_stairs_2
D:2:      minmay_roachtagon, layout_basic, basic_altar, minmay_indecisive_spiral
D:3:      layout_basic, vehumet_crystals, nicolae_overflow_squiral
D:4:      minmay_angry_zag, layout_rooms, minmay_misc_feat_four_crosses,
          kennysheep_generic_room_5
D:5:      layout_rooms, kennysheep_ying_yang, uniq_pikel
D:6:      layout_loops_ring, serial_shops, shop
D:7:      layout_basic, kennysheep_little_box,
          minmay_temple_entry_statues_fountains, hex_intersection
D:8:      layout_layer_cave
D:9:      layout_roguey, mainiacjoe_overflow_surrounded_room, erik_lair_island,
          serial_shops, shop_statue, patterned_corridor
D:10:     layout_cave_pods, trog_ov_bears_minmay, nicolae_benzene_ring,
          nrook_mini_backslash
D:11:     layout_basic, portal_ice_cave_entry_pillars_1, nzn_life_drinkers
D:12:     layout_long_grid, erik_orc_4
D:13:     layout_basic, david_vaults_3, ebering_ghost_gozag
D:14:     layout_roguey
Temple:   nicolae_temple_bog_church

Skill      XL: |  1  2  3  4  5  6  7  8  9 10 11 |
---------------+----------------------------------+-----
Spellcasting   | 4 5 6 7 9 10 | 10.0
Summonings     | 5 6 7 8 10 | 10.0
Hexes          | 1 2 3 5 |  5.0
Air Magic      | 1 3 5 |  5.0
Fighting       | 3 6 7 |  7.8
Dodging        | 6 9 11 | 11.5
Stealth        | |  2.4

Action                     |  1- 3 |  4- 6 |  7- 9 | 10-12 || total
---------------------------+-------+-------+-------+-------++-------
  Melee: Unarmed           |     5 |       |       |       ||     5
         Dagger            |    17 |    19 |    21 |    10 ||    67
         Punch             |     1 |       |     2 |       ||     3
   Cast: Summon Small Mamm |    33 |    18 |    27 |    23 ||   101
         Call Imp          |    11 |     7 |    14 |    12 ||    44
         Call Canine Famil |     4 |    14 |    30 |    40 ||    88
         Summon Guardian G |       |     3 |    18 |    42 ||    63
         Summon Lightning  |       |       |    20 |    33 ||    53
  Evoke: Wand              |       |       |       |     3 ||     3
    Use: Scroll            |       |       |       |    21 ||    21
         Potion            |       |       |       |     5 ||     5
   Stab: Distracted        |     1 |       |       |       ||     1
         Sleeping          |       |       |     1 |       ||     1
 Armour: Robe              |    13 |     7 |     5 |    10 ||    35
  Dodge: Dodged            |    41 |    15 |    52 |   106 ||   214

Table legend: (Time is in decaauts)
 A = Elapsed time spent in this place.
 B = Non-inter-level travel time spent in this place.
 C = Inter-level travel time spent in this place.
 D = Time resting spent in this place.
 E = Time spent auto-exploring this place.
 F = Levels seen in this place.
 G = Mean time per level.
                   A        B        C        D        E       F      G
               +--------+--------+--------+--------+--------+-----+--------+
         Total |  15856 |  15414 |    442 |   3966 |   8823 |  16 |  991.0 |
       Dungeon |  14665 |  14228 |    437 |   2943 |   8823 |  14 | 1047.5 |
        Temple |     12 |      7 |      5 |      0 |      0 |   1 |   12.0 |
      Ice Cave |   1178 |   1178 |      0 |   1023 |      0 |   1 | 1178.0 |
               +--------+--------+--------+--------+--------+-----+--------+

Top non-repeatable levels by time:
     D:9: 2449 daAuts
    D:11: 1759 daAuts
    D:10: 1547 daAuts
     D:5: 1364 daAuts
     D:8: 1285 daAuts
   IceCv: 1178 daAuts
     D:1: 1163 daAuts
     D:6: 1162 daAuts
     D:7: 1081 daAuts
     D:2: 1053 daAuts
     D:4: 755 daAuts
     D:3: 704 daAuts
    D:14: 294 daAuts
    D:12: 32 daAuts
  Temple: 12 daAuts
